 Dungeon Crawl Stone Soup version 0.20.1-1-g8b1a95d (webtiles) character file.

70 Monsterracer the Poker (level 4, 0/38 HPs)
             Began as a Centaur Fighter on July 26, 2017.
             Killed from afar by a white imp (5 damage)
             ... with a puff of frost
             ... summoned by Natasha
             ... on level 2 of the Dungeon.
             The game lasted 00:02:21 (1139 turns).

Monsterracer the Poker (Centaur Fighter)            Turns: 1139, Time: 00:02:22

Health: 0/38       AC:  6    Str: 20    XL:     4   Next: 3%
Magic:  4/4        EV:  5    Int:  7    God:
Gold:   48         SH:  8    Dex:  8    Spells: 3/3 levels left

rFire    . . .     SeeInvis .   a - +0 trident
rCold    . . .     Gourm    .   c - +0 shield
rNeg     . . .     Faith    .   b - +0 scale mail
rPois    .         Spirit   .   (no helmet)
rElec    .         Reflect  .   (no cloak)
rCorr    .         Harm     .   (no gloves)
MR       .....                  (no barding)
Stlth    ..........             (no amulet)
Regen    0.2/turn               (no ring)
MPRegen  0.1/turn               (no ring)

@: very quick
A: hooves 3, deformed body, speed 2, tough skin 3
a: no special abilities


You were on level 2 of the Dungeon.
You were not hungry.

You visited 1 branch of the dungeon, and saw 2 of its levels.

You collected 48 gold pieces.

Inventory:

Hand Weapons
 a - a +0 trident (weapon)
Armour
 b - a +0 scale mail (worn)
 c - a +0 shield (worn)
Scrolls
 g - a scroll of identify {unknown}
 m - a scroll of noise {unknown}
Potions
 d - a potion of might
 e - a potion of curing {unknown}
 h - a potion of haste {unknown}
 j - a potion of ambrosia {unknown}
 k - 3 potions of heal wounds {unknown}
 l - a potion of degeneration {unknown}
Comestibles
 f - a bread ration
 i - a meat ration


   Skills:
 - Level 3.0 Fighting
 + Level 3.9 Polearms
 - Level 2.1 Armour
 - Level 2.1 Shields


You had 3 spell levels left.
You didn't know any spells.

Dungeon Overview and Level Annotations

Branches:
Dungeon (2/15)

Altars:

Annotations:
D:2 Natasha


Innate Abilities, Weirdness & Mutations

You have hooves in place of feet.
Armour fits poorly on your strangely shaped body.
You cover ground very quickly.
You have extremely tough skin. (AC +3)


Message History

* * * LOW HITPOINT WARNING * * *
The crimson imp hits you but does no damage.
The shadow imp hits you but does no damage.
Huge Dmg: -24%(-9hp) hp: 11%(4hp)
The crimson imp blinks!
The crimson imp disappears in a puff of smoke!
The shadow imp lashes its tail.
Natasha casts a spell.
Attack whom?
Press: ? - help, Dir - move target cursor, f - shadow imp, p - Natasha
Aim: a shadow imp (summoned)
You reach to attack!
You completely miss the shadow imp.
A hobgoblin comes into view. It is wielding a club.
The hobgoblin shouts!
The shadow imp disappears in a puff of smoke!
Natasha mumbles some strange words.
Found a scroll labeled IMIWIT ETOL.
The white imp gestures at you. The puff of frost hits you!
You die...

####### †.....#
...##.####### ### .
##........... ..#####..
....#####...#####........
##........#..h.5.........
##.#...#.5..####.......g
###.....####....@........
.........................
######...###............?
##..#..†............
#....##........###.
#..................#
...###.####.........# .
.... .........## ..#..
###.......#


You could see a white imp.

Vanquished Creatures
  Natasha (twice) (D:2)
  6 goblins (D:1)
  3 hobgoblins
  4 jackals (D:1)
  3 kobolds
  A bat (D:1)
  4 rats (D:1)
23 creatures vanquished.

Notes
Turn   | Place    | Note
-------+----------+-------------------------------------------
     0 | D:1      | Monsterracer the Centaur Fighter began the quest for the Orb.
     0 | D:1      | Reached XP level 1. HP: 19/19 MP: 1/1
    20 | D:1      | Reached XP level 2. HP: 26/26 MP: 2/2
   749 | D:2      | Noticed Natasha
   756 | D:2      | Noticed a crimson imp
   769 | D:2      | HP: 13/26 [Natasha/magic dart (3)]
   926 | D:2      | Killed Natasha
   926 | D:2      | Reached XP level 3. HP: 31/31 MP: 3/3
   930 | D:2      | Noticed Natasha
   942 | D:2      | Killed Natasha
   942 | D:2      | Reached XP level 4. HP: 19/38 MP: 4/4
  1113 | D:2      | Noticed Natasha
  1124 | D:2      | HP: 17/38 [shadow imp[Natasha] (4)]
  1130 | D:2      | HP: 4/38 [Natasha/magic dart (9)]
  1139 | D:2      | Killed from afar by a white imp

Skill      XL: |  1  2 |
---------------+-------+-----
Polearms       | 2 3 |  3.9
Fighting       | |  3.0
Armour         | |  2.1
Shields        | |  2.1

Action                   |  1- 3 |  4- 6 || total
-------------------------+-------+-------++-------
Melee: Trident           |    61 |    15 ||    76
       Kick              |    10 |     1 ||    11
Armor: Scale mail        |    26 |    14 ||    40
Dodge: Dodged            |    13 |     6 ||    19
Block: Shield            |    32 |     4 ||    36
